 Dungeon Crawl Stone Soup version 0.24.0 (webtiles) character file.

Game seed: 17948220487566522446, levelgen mode: deterministic

925 Buxparty the Poker (level 7, -7/61 HPs)
             Began as a Green Draconian Fighter on May 22, 2020.
             Was an Initiate of Qazlal.
             Shot with an arrow by a centaur (11 damage)
             ... on level 6 of the Dungeon.
             The game lasted 00:12:26 (6481 turns).

Buxparty the Poker (Green Draconian Fighter)        Turns: 6481, Time: 00:12:26

Health: -7/61      AC:  6    Str: 20    XL:     7   Next: 84%
Magic:  7/7        EV: 11    Int:  9    God:    Qazlal [......]
Gold:   279        SH: 11    Dex: 10    Spells: 6/6 levels left

rFire    . . .     SeeInvis +   a - +0 trident
rCold    + . .     Gourm    +   l - +2 shield
rNeg     . . .     Faith    .   (armour unavailable)
rPois    +         Spirit   .   (helmet restricted)
rElec    .         Reflect  .   (no cloak)
rCorr    .         Harm     .   (no gloves)
MR       .....                  (no boots)
Stlth    +.........             s - amulet of the gourmand
HPRegen  0.20/turn              m - ring of protection from cold
MPRegen  0.10/turn              p - ring of see invisible

@: no status effects
A: breathe noxious fumes, unfitting armour, poison resistance, cold-blooded, AC
+6
a: Breathe Noxious Fumes, Renounce Religion


You were on level 6 of the Dungeon.
You worshipped Qazlal.
Qazlal was noncommittal.
You were not hungry.

You visited 2 branches of the dungeon, and saw 7 of its levels.

You collected 279 gold pieces.

Inventory:

Hand Weapons
 a - a +0 trident (weapon)
Armour
 l - a +2 shield (worn)
Jewellery
 i - an uncursed amulet of rage
 m - a ring of protection from cold (left hand)
 p - a ring of see invisible (right hand)
 s - an amulet of the gourmand (around neck)
Wands
 q - a wand of iceblast (8)
Scrolls
 b - 2 scrolls of teleportation
 e - 9 scrolls of remove curse
 f - 3 scrolls of blinking
 j - a scroll of fog {unknown}
 k - 4 scrolls of identify
Potions
 c - 5 potions of might
 d - a potion of resistance {unknown}
 g - a potion of brilliance
 h - a potion of ambrosia {unknown}
 n - 2 potions of berserk rage {unknown}
 r - a potion of experience {unknown}
 t - a potion of flight {unknown}
Comestibles
 o - 4 rations


   Skills:
 + Level 5.4 Fighting
 * Level 6.0 Polearms
 + Level 4.4 Dodging
 + Level 5.0 Shields


You had 6 spell levels left.
You didn't know any spells.
Your spell library contained the following spells:

 Spells                   Type           Power        Failure   Level  Hunger
 Flame Tongue             Conj/Fire      #....        82%         1    ##.....
 Throw Flame              Conj/Fire      #.....       91%         2    ###....
 Conjure Flame            Conj/Fire      #.......     99%         3    ####...
 Inner Flame              Hex/Fire       #.......     99%         3    ####...
 Sticky Flame             Conj/Fire      #.......     100%        4    #####..
 Fireball                 Conj/Fire      #.........   100%        5    ######.


Dungeon Overview and Level Annotations

Branches:
Dungeon (6/15)             Temple (1/1) D:5

Altars:
Ashenzari
Nemelex Xobeh
Qazlal
Sif Muna
Trog
Xom
Zin

Shops:
D:4 %   D:5 *


Innate Abilities, Weirdness & Mutations

You can breathe blasts of noxious fumes.
Your lurid green scales are hard. (AC +6)
You cannot fit into any form of body armour.
Your system is resistant to poisons. (rPois)
You are cold-blooded and may be slowed by cold attacks.


Message History

You hit the centaur.
The centaur is almost dead.
The centaur hits you.
A gnoll comes into view.
You block the centaur's attack. The gnoll misses you. The centaur hits you.
* * * LOW HITPOINT WARNING * * *
You hit the centaur.
The centaur is almost dead.
The centaur hits you.
* * * LOW HITPOINT WARNING * * *
You block the centaur's attack. You block the gnoll's attack.
The centaur hits you but does no damage.
The centaur hits you.
* * * LOW HITPOINT WARNING * * *
The centaur wields a +0 shortbow.
The centaur shoots an arrow.
The arrow misses you.
The centaur wields a +0 shortbow.
The centaur shoots an arrow.
The arrow hits you but does no damage.
You see here 3 arrows.
The centaur shoots an arrow.
The arrow hits you!
You die...

###### #....######
#....##..(###
#######.....(...!.#######
..................'(.....
#................(#######
................@.#
...........##(.(###
...........##..(########
...........##..ccg......
#..........#####g.......
#.............##...g....
..............##...g....
....#.#)).....##.......g
......#.......##.......<


You could see a centaur.

Vanquished Creatures
  An ice beast (D:5)
  A centaur (D:5)
  A big kobold (D:5)
  A wyvern zombie (D:6)
  A scorpion (D:5)
  2 crimson imps
  2 jellies (D:6)
  An orc wizard (D:6)
  A bullfrog skeleton (D:6)
  2 iguanas (D:4)
  3 worker ants
  7 adders
  10 gnolls
  An adder skeleton (D:5)
  3 worms (D:3)
  3 dart slugs
  7 leopard geckos
  4 orcs
  3 giant cockroaches
  5 goblins
  5 hobgoblins
  13 jackals
  A quokka (D:3)
  A ball python (D:3)
  6 bats
  7 frilled lizards
  11 kobolds
  A leopard gecko skeleton (D:4)
  7 rats
  A bush (D:5)
112 creatures vanquished.

Vanquished Creatures (others)
  An orc priest (D:3)
  2 gnolls (D:3)
  2 orcs (D:3)
  A quokka (D:3)
6 creatures vanquished.

Grand Total: 118 creatures vanquished

Notes
Turn   | Place    | Note
-------+----------+-------------------------------------------
     0 | D:1      | Buxparty the Draconian Fighter began the quest for the Orb.
     0 | D:1      | Reached XP level 1. HP: 19/19 MP: 1/1
   172 | D:1      | Reached XP level 2. HP: 26/26 MP: 2/2
  1070 | D:1      | Reached XP level 3. HP: 4/31 MP: 3/3
  1603 | D:2      | Reached skill level 3 in Polearms
  1678 | D:2      | Reached XP level 4. HP: 31/40 MP: 4/4
  3002 | D:3      | Reached XP level 5. HP: 43/46 MP: 5/5
  3473 | D:3      | You fall into a shaft and drop 2 floors!
  3473 | D:5      | Entered Level 5 of the Dungeon
  3627 | D:4      | Reached skill level 4 in Polearms
  4418 | D:4      | Reached XP level 6. HP: 41/53 MP: 6/6
  4530 | D:4      | Found Voxome's Food Emporium.
  5222 | D:5      | Found Mucviof's Assorted Antiques.
  5470 | D:5      | Found a staircase to the Ecumenical Temple.
  5489 | Temple   | Entered the Ecumenical Temple
  5516 | Temple   | Became a worshipper of Qazlal Stormbringer
  5558 | D:5      | Reached skill level 5 in Polearms
  5660 | D:5      | Your scales start taking on a lurid green colour.
  5660 | D:5      | Reached XP level 7. HP: 58/60 MP: 7/7
  5660 | D:5      | Gained mutation: Your system is resistant to poisons.
                  | (rPois) [Green Draconian growth]
  5750 | D:5      | Reached skill level 5 in Fighting
  6001 | D:6      | Found a glowing silver altar of Zin.
  6020 | D:6      | Found a shimmering altar of Xom.
  6070 | D:6      | Reached skill level 5 in Shields
  6401 | D:6      | Reached skill level 6 in Polearms
  6481 | D:6      | Shot with an arrow by a centaur

Levels and vault maps discovered:
D:1:      dpeg_arrival_rooms_with_view, layout_basic, minmay_bisected
D:2:      layout_loops_cross, first_ration
D:3:      layout_loops_ring, lemuel_flame_loot_1
D:4:      layout_loops_ring, serial_shops, nicolae_shop_stone
D:5:      layout_rooms, minmay_temple_entry_mini_moons, enter_ossuary_2,
          serial_shops, shop_statue, lexackson_kobold_supper
D:6:      layout_basic, basic_altar, lemuel_altar_in_water2
Temple:   eino_temple_scatter_basement
